 Dungeon Crawl Stone Soup version 0.25.0-1-g7eea58d2a3 (webtiles) character file.

Game seed: 14103218680708888813

173 diana the Skirmisher (level 5, -1/42 HPs)
             Began as a Demonspawn Fighter on June 14, 2020.
             Killed from afar by an orc wizard (6 damage)
             ... with a magic dart
             ... on level 4 of the Dungeon.
             The game lasted 00:02:36 (2058 turns).

diana the Skirmisher (Demonspawn Fighter)           Turns: 2058, Time: 00:02:37

Health: -1/42      AC: 10    Str: 18    XL:     5   Next: 28%
Magic:  5/5        EV:  7    Int: 15    God:
Gold:   193        SH:  9    Dex: 12    Spells: 4/4 levels left

rFire    . . .     SeeInvis .   a - +0 war axe
rCold    + . .     Gourm    .   c - +0 kite shield
rNeg     . . .     Faith    .   o - +2 scale mail {rC+}
rPois    .         Spirit   .   (helmet restricted)
rElec    .         Reflect  .   (no cloak)
rCorr    .         Harm     .   (no gloves)
MR       .....                  (no boots)
Stlth    ..........             (no amulet)
HPRegen  0.14/turn              i - +6 ring of intelligence
MPRegen  0.09/turn              (no ring)

@: lightly drained
A: antennae 1, molten scales 1, demonic guardian 1
a: no special abilities


You were on level 4 of the Dungeon.
You were not hungry.

You visited 1 branch of the dungeon, and saw 4 of its levels.

You collected 193 gold pieces.

Inventory:

Hand Weapons
 a - a +0 war axe (weapon)
Armour
 c - a +0 kite shield (worn)
 o - a +2 scale mail of cold resistance (worn)
Jewellery
 i - a +6 ring of intelligence (left hand)
Scrolls
 h - a scroll of remove curse {unknown}
 j - a scroll of amnesia {unknown}
 k - 3 scrolls of identify {unknown}
 m - a scroll of magic mapping {unknown}
 n - a scroll of blinking {unknown}
Potions
 b - a potion of magic {unknown}
 d - a potion of might
 e - a potion of heal wounds {unknown}
 l - a potion of haste {unknown}
Comestibles
 f - 7 rations


   Skills:
 + Level 3.9 Fighting
 + Level 2.9(2.8) Axes
 + Level 3.5 Armour
 + Level 3.6(3.5) Shields


You had 4 spell levels left.
You didn't know any spells.
Your spell library was empty.

Dungeon Overview and Level Annotations

Branches:
Dungeon (4/15)
 Temple: D:4-7

Altars:
Cheibriados
Makhleb
Vehumet
Xom


Innate Abilities, Weirdness & Mutations

You have a pair of small antennae on your head.
You are partially covered in molten scales. (AC +2)
A weak demonic guardian rushes to your aid.


Message History

You are too injured to fight recklessly!
You are too injured to fight recklessly!
You closely miss the orc wizard.
The orc wizard is heavily wounded.
The orc wizard points at you and mumbles some strange words.
The puff of flame misses you.
You closely miss the orc wizard.
The orc wizard is heavily wounded.
The orc wizard barely misses you. You block the orc wizard's attack.
You hit the orc wizard but do no damage.
The orc wizard is heavily wounded.
The orc wizard hits you but does no damage.
You are electrocuted!
* * * LOW HITPOINT WARNING * * *
You closely miss the orc wizard.
The orc wizard is heavily wounded.
The orc wizard barely misses you.
The orc wizard points at you and mumbles some strange words.
The magic dart hits you.
You die...

#
###########...#
#..<.5@ooo.....
#.######o......
# .......
>...... .......
#...... ..%.##
.....


You could see an orc wizard, 3 orcs and a friendly ufetubus (summoned).

Vanquished Creatures
  A howler monkey (D:4)
  A crimson imp (D:3)
  A hound (D:4)
  An adder (D:3)
  2 dart slugs (D:1)
  2 leopard geckos (D:1)
  3 bats
  4 giant cockroaches
  7 goblins
  3 hobgoblins
  13 jackals
  4 kobolds
  A quokka (D:3)
  3 frilled lizards
  4 rats
50 creatures vanquished.

Vanquished Creatures (collateral kills)
  An orc (D:4)
1 creature vanquished.

Grand Total: 51 creatures vanquished

Notes
Turn   | Place    | Note
-------+----------+-------------------------------------------
     0 | D:1      | diana the Demonspawn Fighter began the quest for the Orb.
     0 | D:1      | Reached XP level 1. HP: 18/18 MP: 1/1
   168 | D:1      | Gained mutation: You are partially covered in molten
                  | scales. (AC +2) [demonic ancestry]
   168 | D:1      | Reached XP level 2. HP: 24/24 MP: 2/2
   197 | D:1      | You fall into a shaft and drop 1 floor!
   197 | D:2      | Found a snail-covered altar of Cheibriados.
   563 | D:2      | Reached XP level 3. HP: 28/29 MP: 3/3
   836 | D:2      | Found a shimmering altar of Xom.
   838 | D:2      | Found a shimmering altar of Xom.
   838 | D:2      | Found a shimmering altar of Xom.
   839 | D:2      | Found a shimmering altar of Xom.
  1876 | D:3      | Found a burning altar of Makhleb.
  1882 | D:3      | Gained mutation: You have a pair of small antennae on your
                  | head. [demonic ancestry]
  1882 | D:3      | Reached XP level 4. HP: 32/37 MP: 4/4
  1919 | D:3      | Found a radiant altar of Vehumet.
  2040 | D:4      | Gained mutation: A weak demonic guardian rushes to your
                  | aid. [demonic ancestry]
  2040 | D:4      | Reached XP level 5. HP: 32/42 MP: 5/5
  2058 | D:4      | Killed from afar by an orc wizard

Illustrated notes

Levels and vault maps discovered:
D:1:      eino_arrival_tree_alley, layout_rooms, minmay_misc_feat_secret_circle
D:2:      layout_rooms, cheibriados_altar_1, xom_redecorated, first_ration
D:3:      layout_loops_ring, grunt_temple_overflow_lords_of_destruction
D:4:      layout_loops_ring, temple_hall, serial_shops, shop

Skill      XL: |  1  2 |
---------------+-------+-----
Axes           | 2 |  2.9
Shields        | 3 |  3.6
Armour         | 3 |  3.5
Fighting       | |  3.9

Action                   |  1- 3 |  4- 6 || total
-------------------------+-------+-------++-------
Melee: War axe           |   163 |    24 ||   187
  Eat: Chunk             |     3 |     1 ||     4
Armor: Scale mail        |   113 |    14 ||   127
Dodge: Dodged            |    51 |    14 ||    65
Block: Kite shield       |   102 |    15 ||   117
